 Dungeon Crawl Stone Soup version 0.20-a0-641-g673355a (webtiles) character file.

2918 krabocopter the Slinger (level 10, -2/67 HPs)
             Began as a Halfling Hunter on Feb 12, 2017.
             Was a Believer of Dithmenos.
             Splashed by a jelly's acid (7 damage)
             ... on level 7 of the Dungeon on Feb 13, 2017.
             The game lasted 00:43:07 (6777 turns).

krabocopter the Slinger (Halfling Hunter)           Turns: 6777, Time: 00:43:08

Health: -2/67      AC: -4    Str: 13    XL:     10   Next: 6%
Magic:  10/10      EV: 19    Int:  9    God:    Dithmenos [**....]
Gold:   212        SH:  5    Dex: 19    Spells: 9/9 levels left

rFire    + . .     SeeInvis .   x - +2 dagger (protect)
rCold    . . .     Gourm    .   r - +3 leather armour {rF+}
rNeg     . . .     Faith    .   E - +0 buckler
rPois    .         Spirit   .   w - +1 helmet
rElec    .         Reflect  .   (no cloak)
rCorr    .         Harm     .   (no gloves)
MR       .....                  (no boots)
Stlth    +++++.....             (no amulet)
Regen    0.3/turn               (no ring)
MPRegen  0.2/turn               (no ring)

@: corroded, wreathed by umbra
A: mutation resistance 1
a: Shadow Step, Renounce Religion


You were on level 7 of the Dungeon.
You worshipped Dithmenos.
Dithmenos was pleased with you.
You were not hungry.

You visited 2 branches of the dungeon, and saw 8 of its levels.

You collected 254 gold pieces.
You spent 42 gold pieces at shops.

Inventory:

Hand Weapons
 a - a +1 dagger of speed
 l - a +1 dagger of venom
 x - a +2 dagger of protection (weapon)
 F - a +1 dagger of draining
 I - the +9 hunting sling of the Gloaming {freeze, +Inv Stlth+}
   (You found it on level 4 of the Dungeon)

   It causes projectiles fired from it to freeze those they strike, causing
   extra injury to most foes and up to half again as much damage against
   particularly susceptible opponents.
   They can also slow down cold-blooded creatures.
   It lets you turn invisible.
   It makes you more stealthy.
Missiles
 d - 12 sling bullets
 e - 125 stones (quivered)
Armour
 r - a +3 leather armour of fire resistance (worn)
 w - a +1 helmet (worn)
 A - a +0 pair of boots
 E - a +0 buckler (worn)
Jewellery
 h - an uncursed amulet of faith
Scrolls
 b - a scroll of enchant weapon {unknown}
 g - 2 scrolls of enchant armour
 i - a scroll of blinking {unknown}
 k - 2 scrolls of magic mapping
 q - 3 scrolls of identify
 s - a scroll of fog {unknown}
 t - 3 scrolls of recharging {unknown}
 z - 2 scrolls of amnesia {unknown}
 C - a scroll of remove curse
 H - 4 scrolls of teleportation
Potions
 j - 3 potions of curing
 m - a potion of might
 n - a potion of lignification
 o - a potion of brilliance {unknown}
 u - 2 potions of agility {unknown}
 v - 2 potions of heal wounds
 B - a potion of mutation {unknown}
 G - a potion of ambrosia {unknown}
Books
 y - a book of Cantrips

   Spells                             Type                      Level
   a - Confusing Touch                Hexes                        1
   b - Animate Skeleton               Necromancy                   1
   c - Summon Small Mammal            Summoning                    1
   d - Apportation                    Translocation                1
 D - a book of Changes

   Spells                             Type                      Level
   a - Beastly Appendage              Transmutation                1
   b - Sticks to Snakes               Transmutation                2
   c - Spider Form                    Transmutation/Poison         3
   d - Ice Form                       Ice/Transmutation            4
   e - Blade Hands                    Transmutation                5
 L - a book of Minor Magic

   Spells                             Type                      Level
   a - Magic Dart                     Conjuration                  1
   b - Blink                          Translocation                2
   c - Call Imp                       Summoning                    2
   d - Slow                           Hexes                        2
   e - Conjure Flame                  Conjuration/Fire             3
   f - Mephitic Cloud                 Conjuration/Poison/Air       3
Comestibles
 c - 3 meat rations
 f - 7 bread rations


   Skills:
 + Level 5.6 Fighting
 + Level 1.9 Short Blades
 - Level 10.2 Slings
 - Level 7.4 Dodging
 - Level 9.2 Stealth


You had 9 spell levels left.
You didn't know any spells.

Dungeon Overview and Level Annotations

Branches:
Dungeon (7/15)             Temple (1/1) D:4

Altars:
Ashenzari
Cheibriados
Dithmenos
Fedhas
Hepliaklqana
Kikubaaqudgha
Nemelex Xobeh
Okawaru
Qazlal
Ru
Trog
Uskayaw
Vehumet
Xom
Yredelemnul
Zin
The Shining One

Shops:
D:5 ?

Annotations:
D:3 Grinder


Innate Abilities, Weirdness & Mutations

You are small and have problems with some larger weapons.
You are somewhat resistant to further mutation.


Message History

You hit the jelly but do no damage.
Your hands burn!
* * * LOW HITPOINT WARNING * * *
You take 1 damage, and have 19/67 hp.
You hit the jelly.
Your weapon exudes an aura of protection.
Your hands burn!
* * * LOW HITPOINT WARNING * * *
The jelly barely misses you.
You take 1 damage, and have 21/67 hp.
You hit the jelly.
Your hands burn!
* * * LOW HITPOINT WARNING * * *
The jelly hits you.
* * * LOW HITPOINT WARNING * * *
You are splashed with acid!
The acid burns!
* * * LOW HITPOINT WARNING * * *
You take 14 damage, and have 7/67 hp.
MASSIVE DAMAGE!!
The jelly hits you.
* * * LOW HITPOINT WARNING * * *
You are splashed with acid!
The acid burns!
You die...

..#.#.......##.#
..#.##########.#
...............#
..##############
........<#.....#
...###.#.#)###.#
...# #.#.#)# #.#
...#
#.#.#†###.#####
...#
#.#.#)#...J@..#
...#
#...#)#.#.##.##
...# #####<#.#.##.#
...#######)#.#.##.#
...........#.#.##.#
.#.#########.#.##.#
.(.. #.#.##.# ...##
#.#.##.# ...#
#.#.##.#


You could see a jelly.

Vanquished Creatures
  The ghost of krabocopter the Carver, a novice FoGl of Okawaru (D:5)
  Edmund (D:6)
  Purgy (D:3)
  An orc warrior (D:6)
  An ice beast (D:6)
  A sky beast (D:6)
  4 ogres
  A phantom (D:5)
  4 centaurs
  2 big kobolds
  Blork the orc (D:5)
  A bullfrog (D:5)
  A crimson imp (D:5)
  4 orc priests
  9 orc wizards
  2 bullfrog skeletons (D:5)
  Jessica (D:3)
  Ijyb (D:2)
  Natasha (thrice) (D:2)
  5 worker ants
  Robin (D:2)
  3 gnolls (D:6)
  13 adders
  An ooze (D:3)
  4 dart slugs
  2 leopard geckos
  28 orcs
  3 ball pythons
  5 bats
  4 giant cockroaches
  11 goblins
  9 hobgoblins
  14 jackals
  14 kobolds
  3 quokkas
  5 frilled lizards
  A leopard gecko skeleton (D:4)
  7 rats
173 creatures vanquished.

Vanquished Creatures (others)
  11 plants (D:6)
11 creatures vanquished.

Grand Total: 184 creatures vanquished

Notes
Turn   | Place    | Note
-------+----------+-------------------------------------------
     0 | D:1      | krabocopter the Halfling Hunter began the quest for the Orb.
     0 | D:1      | Reached XP level 1. HP: 14/14 MP: 1/1
    24 | D:1      | Reached skill level 6 in Slings
   127 | D:1      | Reached XP level 2. HP: 19/19 MP: 2/2
   573 | D:2      | Noticed Natasha
   576 | D:2      | Noticed a crimson imp
   587 | D:2      | Killed Natasha
   587 | D:2      | Reached XP level 3. HP: 18/25 MP: 3/3
   642 | D:2      | Found a faded altar of an unknown god.
   647 | D:2      | Reached skill level 7 in Slings
   661 | D:2      | Reached XP level 4. HP: 27/30 MP: 4/4
   696 | D:2      | Noticed Natasha
   708 | D:2      | Killed Natasha
   972 | D:2      | Reached XP level 5. HP: 32/36 MP: 5/5
  1022 | D:2      | Noticed Ijyb
  1031 | D:2      | Killed Ijyb
  1151 | D:2      | Found an ancient bone altar of Kikubaaqudgha.
  1235 | D:2      | Noticed Robin
  1249 | D:2      | Killed Robin
  1472 | D:2      | Noticed Natasha
  1518 | D:2      | Killed Natasha
  1518 | D:2      | Reached XP level 6. HP: 42/42 MP: 6/6
  1688 | D:3      | Noticed Jessica
  1818 | D:3      | Killed Jessica
  1818 | D:3      | Reached skill level 8 in Slings
  1928 | D:3      | Found a radiant altar of Vehumet.
  1928 | D:3      | Noticed Purgy
  1941 | D:3      | Killed Purgy
  2003 | D:3      | Found a hazy altar of Hepliaklqana.
  2039 | D:3      | Found a sparkling altar of Nemelex Xobeh.
  2048 | D:3      | Noticed Grinder
  2296 | D:4      | Noticed an ogre
  2308 | D:4      | Killed an ogre
  2308 | D:4      | Reached XP level 7. HP: 48/48 MP: 7/7
  2552 | D:4      | Reached skill level 9 in Slings
  2746 | D:5      | Entered Level 5 of the Dungeon
  2746 | D:5      | Found a glowing silver altar of Zin.
  2952 | D:3      | Upgraded the game from 0.20-a0-640-g62ed22f to 0.20-a0-641-g673355a
  3496 | D:4      | Got a crystal hunting sling
  3497 | D:4      | Identified the +9 hunting sling of the Gloaming {freeze, +Inv Stlth+} (You found it on level 4 of the Dungeon)
  3549 | D:4      | Reached skill level 5 in Stealth
  3583 | D:4      | Found a staircase to the Ecumenical Temple.
  3589 | Temple   | Entered the Ecumenical Temple
  3762 | Temple   | Became a worshipper of Dithmenos the Shadowed
  3790 | D:4      | Reached XP level 8. HP: 54/54 MP: 8/8
  4335 | D:5      | Reached * piety under Dithmenos
  4415 | D:5      | Found Onlifoyse's Magic Scroll Emporium.
  4433 | D:5      | Bought a scroll of teleportation for 42 gold pieces
  4627 | D:5      | Reached skill level 5 in Dodging
  4652 | D:5      | Noticed Blork the orc
  5016 | D:5      | Reached XP level 9. HP: 43/59 MP: 9/9
  5264 | D:5      | Killed Blork the orc
  5278 | D:5      | Noticed krabocopter's ghost (novice FoGl)
  5287 | D:5      | Killed krabocopter's ghost
  5742 | D:6      | Found a blossoming altar of Fedhas.
  5775 | D:6      | Found a glowing golden altar of the Shining One.
  5777 | D:6      | Noticed an angel
  5788 | D:6      | Found a basalt altar of Yredelemnul.
  5790 | D:6      | Noticed a profane servitor
  6087 | D:6      | Noticed Edmund
  6101 | D:6      | Killed Edmund
  6101 | D:6      | Reached skill level 5 in Fighting
  6187 | D:6      | Reached skill level 10 in Slings
  6198 | D:6      | Reached ** piety under Dithmenos
  6211 | D:6      | Reached XP level 10. HP: 66/66 MP: 10/10
  6568 | D:7      | Reached skill level 1 in Short Blades
  6671 | D:7      | Noticed a two-headed ogre
  6777 | D:7      | Splashed by a jelly's acid

Vault maps used:
D:1:      minmay_arrival_three_doors, minmay_tromino_v4_c
D:2:      marbit_many_paths, chequers_ecumenical_altar_island, uniq_robin,
          uniq_natasha, uniq_iyjb
D:3:      lemuel_round_altar, lemuel_crystal_altar, vehumet_crystals,
          uniq_jessica, uniq_purgy, uniq_grinder
D:4:      temple_green, first_bread, minivault_24
D:5:      lemuel_crystal_altar, serial_shops, shop_statue, wad_floor_pattern_1,
          minivault_24, uniq_blork_the_orc
D:6:      grunt_temple_overflow_holy_war, fedhas_altar_decomposition,
          uniq_edmund
D:7:      old_standard_altar, gammafunk_temple_overflow_pools
Temple:   nicolae_temple_figure_zero

Skill      XL: |  1  2  3  4  5  6  7  8  9 10 |
---------------+-------------------------------+-----
Slings         | 6 7 8 9 10 | 10.2
Fighting       | 2 3 4 5 |  5.6
Stealth        | 2 4 5 7 9 |  9.2
Dodging        | 5 7 |  7.4
Short Blades   | 1 |  1.9

Action                   |  1- 3 |  4- 6 |  7- 9 | 10-12 || total
-------------------------+-------+-------+-------+-------++-------
Melee: Dagger            |     7 |   129 |   143 |    57 ||   336
 Fire: Hunting sling     |    36 |    23 |   175 |     2 ||   236
Throw: Stone             |     4 |       |    16 |       ||    20
  Use: Scroll            |       |     4 |     2 |       ||     6
       Potion            |       |     2 |     2 |       ||     4
 Stab: Sleeping          |       |     4 |     6 |     4 ||    14
       Distracted        |       |     1 |     1 |       ||     2
  Eat: Chunk             |       |     4 |    12 |     1 ||    17
       Royal jelly       |       |       |       |     1 ||     1
Armor: Leather armour    |     2 |    29 |    50 |     5 ||    86
       Skin              |       |    16 |       |       ||    16
Dodge: Dodged            |    11 |    79 |   114 |    32 ||   236
Block: Buckler           |       |       |    29 |    13 ||    42
